 Dungeon Crawl Stone Soup version 0.26-a0-712-ga5a9c9c9d0 (webtiles) character file.

Game seed: 487220205689739773

231 kae the Changer (level 6, -2/51 HPs)
             Began as a Naga Transmuter on Nov 2, 2020.
             Slain by an orc
             ... wielding a +2 whip of electrocution
              (17 damage)
             ... on level 3 of the Dungeon.
             The game lasted 00:03:08 (3816 turns).

kae the Changer (Naga Transmuter)                   Turns: 3816, Time: 00:03:08

Health: -2/51      AC:  2    Str: 14    XL:     6   Next: 3%
Magic:  8/9        EV: 19    Int: 13    God:
Gold:   175        SH:  0    Dex: 17    Spells: 5/9 levels left

rFire    . . .     SeeInvis +     - Unarmed
rCold    . . .     Faith    .   (shield currently unavailable)
rNeg     . . .     Spirit   .   (armour currently unavailable)
rPois    x         Reflect  .   (helmet currently unavailable)
rElec    .         Harm     .   (cloak currently unavailable)
rCorr    .         Rampage  .   (gloves currently unavailable)
MR       .....                  (no barding)
Stlth    ++........             h - amulet of magic regeneration
HPRegen  0.17/turn              (no ring)
MPRegen  0.36/turn              (no ring)

@: spider-form
A: tiny, see invisible, spit poison 1, AC +2
a: Spit Poison, End Transformation


You were on level 3 of the Dungeon.
You were a venomous arachnid creature.
You visited 1 branch of the dungeon, and saw 3 of its levels.

You collected 175 gold pieces.

Inventory:

Armour
 a - a +0 robe (melded)
 d - a +0 cloak (melded)
Jewellery
 h - an amulet of magic regeneration (around neck)
 l - an uncursed amulet of reflection {unknown}
Scrolls
 b - 4 scrolls of identify
 c - a scroll of fear
 f - 2 scrolls of amnesia
 i - a scroll of enchant weapon
 j - 2 scrolls of remove curse
Potions
 e - a potion of brilliance {unknown}
 g - a potion of invisibility {unknown}
 k - a potion of stabbing {unknown}


   Skills:
 - Level 1.0 Fighting
 - Level 1.5 Dodging
 + Level 4.1 Unarmed Combat
 - Level 2.0 Spellcasting
 * Level 4.7 Transmutations
 - Level 3.0 Poison Magic


You had 5 spell levels left.
You knew the following spells:

 Your Spells              Type           Power        Failure   Level
a - Beastly Appendage     Tmut           ##....       12%         1
b - Spider Form           Tmut/Pois      ##........   34%         3

Your spell library contained the following spells:

 Spells                   Type           Power        Failure   Level
 Wereblood                Tmut           ##......     16%         2
 Ice Form                 Ice/Tmut       #.......     85%         4
 Blade Hands              Tmut           ##........   87%         5


Dungeon Overview and Level Annotations

Branches:
Dungeon (3/15)

Altars:
Elyvilon
Fedhas


Innate Abilities, Weirdness & Mutations

You cannot wear boots.
((Your serpentine skin is tough. (AC +2)))
You have supernaturally acute eyesight. (SInv)
((Armour fits poorly on your strangely shaped body.))
((Your system is resistant to poisons. (rPois)))
((You cover ground very slowly.))
You can spit poison.


Message History

The orc wizard completely misses you. The orc misses you.
You completely miss the orc wizard.
The orc wizard is lightly wounded.
The orc wizard completely misses you.
The orc hits you with a +2 whip of electrocution.
The orc wizard points at you and mumbles some strange words.
The puff of frost hits you!
You hit the orc wizard.
The orc wizard looks as sick as possible!
The orc wizard is heavily wounded.
The orc wizard hits you but does no damage.
The orc misses you.
You hit the orc wizard.
The orc wizard looks as sick as possible!
The orc wizard is almost dead.
The orc wizard hits you with a cursed +0 dagger.
The orc hits you with a +2 whip of electrocution.
* * * LOW HITPOINT WARNING * * *
You are electrocuted!
You die...

########.### ######..
#..##### ##.
##.....########
#####.#)).....
##..)######
#####......#
###..........#***
###...###.........,
*#oso### #......>##*
***#..###***#.......#*
*....#*,,,,,.........#*
#....*,,***##....>.#..,
#...,,,** #####..#**,
#...,*** *#.#*** ###***
*,,,,,, *,,,,,,
****,,,,,,


You could see an orc wizard (fast, invisible, extremely poisoned) and an orc.

Vanquished Creatures
  2 orc wizards (D:3)
  Terence (D:2)
  5 adders (D:2)
  2 worms (D:3)
  3 dart slugs
  2 leopard geckos
  8 orcs (D:3)
  6 giant cockroaches
  5 goblins
  5 hobgoblins
  9 jackals
  7 kobolds
  2 quokkas
  13 bats
  2 frilled lizards
  12 rats
84 creatures vanquished.

Notes
Turn   | Place    | Note
-------+----------+-------------------------------------------
     0 | D:1      | kae the Naga Transmuter began the quest for the Orb.
     0 | D:1      | Reached XP level 1. HP: 18/18 MP: 3/3
   485 | D:1      | Reached XP level 2. HP: 14/25 MP: 3/5
  1207 | D:2      | Reached XP level 3. HP: 22/31 MP: 4/6
  1530 | D:2      | Found a white marble altar of Elyvilon.
  1979 | D:2      | Found a blossoming altar of Fedhas.
  2038 | D:2      | Reached XP level 4. HP: 21/38 MP: 5/7
  2190 | D:2      | Noticed Terence
  2228 | D:2      | Learned a level 3 spell: Spider Form
  2297 | D:2      | Killed Terence
  2297 | D:2      | Reached skill level 1 in Poison Magic
  2734 | D:2      | Reached XP level 5. HP: 44/44 MP: 6/8
  3501 | D:3      | Found a faded altar of an unknown god.
  3807 | D:3      | Reached XP level 6. HP: 29/51 MP: 9/9
  3816 | D:3      | Slain by an orc

Illustrated notes

Levels and vault maps discovered:
D:1:      dpeg_arrival_ternary, layout_rooms
D:2:      layout_loops_cross, nicolae_overflow_crystal_walls,
          lemuel_round_altar, uniq_terence
D:3:      layout_rooms, chequers_ecumenical_altar_simple_redux,
          dk_noncrumbling_2, minmay_fractal_squares_diagonal_5

Skill      XL: |  1  2  3  4  5 |
---------------+----------------+-----
Transmutations | 3 4 |  4.7
Poison Magic   | 1 3 |  3.0
Unarmed Combat | 4 |  4.1
Fighting       | |  1.0
Dodging        | |  1.5
Spellcasting   | |  2.0

Action                   |  1- 3 |  4- 6 || total
-------------------------+-------+-------++-------
Melee: Unarmed           |   158 |   136 ||   294
       Headbutt          |    13 |     6 ||    19
       Punch             |     1 |     2 ||     3
 Cast: Beastly Appendage |    24 |    15 ||    39
       Spider Form       |       |     7 ||     7
 Abil: Spit Poison       |     5 |     5 ||    10
  Use: Potion            |     3 |       ||     3
       Scroll            |       |     9 ||     9
 Stab: Sleeping          |       |     1 ||     1
Armor: Robe              |    71 |    41 ||   112
       Skin              |       |     3 ||     3
Dodge: Dodged            |   136 |   109 ||   245

Table legend: (Time is in decaauts)
 A = Elapsed time spent in this place.
 B = Non-inter-level travel time spent in this place.
 C = Inter-level travel time spent in this place.
 D = Time resting spent in this place.
 E = Time spent auto-exploring this place.
 F = Levels seen in this place.
 G = Mean time per level.
                   A        B        C        D        E       F      G
               +--------+--------+--------+--------+--------+-----+--------+
         Total |   4357 |   4236 |    121 |    119 |   3398 |   3 | 1452.3 |
       Dungeon |   4357 |   4236 |    121 |    119 |   3398 |   3 | 1452.3 |
               +--------+--------+--------+--------+--------+-----+--------+

Top non-repeatable levels by time:
     D:2: 2097 daAuts
     D:1: 1365 daAuts
     D:3: 894 daAuts
